 Dungeon Crawl Stone Soup version 0.26.1 (webtiles) character file.

Game seed: 8338012829760032685

37 sizableburger the Digger (level 3, -2/19 HPs)
             Began as a Deep Elf Earth Elementalist on Feb 5, 2021.
             Slain by a goblin
             ... wielding a +0 dagger
             ... led by Robin
              (6 damage)
             ... on level 1 of the Dungeon.
             The game lasted 00:05:52 (1806 turns).

sizableburger the Digger (DEEE)                     Turns: 1806, Time: 00:05:53

Health: -2/19      AC:  2    Str:  5    XL:     3   Next: 21%
Magic:  7/9        EV: 13    Int: 20    God:
Gold:   88         SH:  0    Dex: 15    Spells: 5/8 levels left

rFire    . . .     SeeInvis .   (no weapon)
rCold    . . .     Faith    +   (no shield)
rNeg     . . .     Spirit   .   c - +0 robe
rPois    .         Reflect  .   (no helmet)
rElec    .         Harm     .   (no cloak)
rCorr    .         Rampage  .   (no gloves)
Will     .....                  (no boots)
Stlth    ++........             a - amulet of faith
HPRegen  0.06/turn              (no ring)
MPRegen  0.11/turn              (no ring)

@: no status effects
A: no striking features
a: no special abilities


You were on level 1 of the Dungeon.
You visited 1 branch of the dungeon, and saw 2 of its levels.

You collected 88 gold pieces.

Inventory:

Armour
 c - a +0 robe (worn)
Jewellery
 a - an amulet of faith (around neck)


   Skills:
 + Level 3.2 Dodging
 - Level 2.4 Stealth
 - Level 3.0 Spellcasting
 + Level 2.1 Transmutations
 + Level 3.8 Earth Magic


You had 5 spell levels left.
You knew the following spells:

 Your Spells              Type           Power        Failure   Level
a - Sandblast             Erth           36%          3%          1
b - Passwall              Tmut/Erth      12%          6%          2

Your spell library contained the following spells:

 Spells                   Type           Power        Failure   Level
 Stone Arrow              Conj/Erth      20%          19%         3
 Petrify                  Tmut/Erth      15%          38%         4
 Lee's Rapid Deconstruct  Erth           9%           63%         5


Dungeon Overview and Level Annotations

Branches:
Dungeon (2/15)

Altars:

Annotations:
D:2 Robin


Message History

You feel a little less mighty now.
The goblin no longer looks unusually strong. x2
There is an open door here.
There is a stone staircase leading up here.
The goblin closely misses you.
You climb upwards.
There is a stone staircase leading down here.
The goblin closely misses you.
Casting: Passwall (safe; 6% risk of failure)
Confirm with . or Enter, or press ? or * to list all spells.
Aiming: Passwall (safe; 6% risk of failure)
Press: ? - help, Dir - move target A rock wall.
The goblin hits you but does no damage.
You begin to meditate on the wall.
You continue meditating on the rock.
The goblin hits you with a +0 dagger.
* * * LOW HITPOINT WARNING * * *
You continue meditating on the rock.
The goblin hits you with a +0 dagger.
You die...

############
###############...........
#.........................
#.#############...........
########.#######@#####...........
.....>.........g.................
#####.##.######..####.#'#########
# #.##.# ##.## #.#.######### #
#.##.# #..# #.#.##.......
#####.##.#######..###.#.##.......
..#...##.#.........##.#.##.....).
#.#.#.##.#.####..#.##.#[#........
#.....##.#....#..#.##.#.#........


You could see a goblin.

Vanquished Creatures
  An adder (D:2)
  A leopard gecko (D:1)
  6 bats
  A giant cockroach (D:1)
  4 goblins
  3 hobgoblins
  A jackal (D:1)
  2 frilled lizards (D:1)
  3 kobolds (D:1)
  3 rats (D:1)
25 creatures vanquished.

Notes
Turn   | Place    | Note
-------+----------+-------------------------------------------
     0 | D:1      | sizableburger the Deep Elf Earth Elementalist began the
                  | quest for the Orb.
     0 | D:1      | Reached XP level 1. HP: 10/10 MP: 6/6
   318 | D:1      | Reached XP level 2. HP: 15/15 MP: 0/8
   443 | D:1      | Learned a level 2 spell: Passwall
  1749 | D:2      | Reached XP level 3. HP: 19/19 MP: 9/9
  1755 | D:2      | Noticed Robin
  1806 | D:1      | Slain by a goblin

Illustrated notes

Levels and vault maps discovered:
D:1:      dpeg_arrival_rooms_a, layout_basic, moated_statue,
          columned_hall_lemuel, fountainhead, st_stairs_2, nrook_mini_backslash
D:2:      layout_loops_corners, serial_bayou_lake_a, uniq_robin, uniq_jessica

Skill      XL: |  1  2 |
---------------+-------+-----
Dodging        | 3 |  3.2
Transmutations | 2 |  2.1
Stealth        | |  2.4
Spellcasting   | |  3.0
Earth Magic    | |  3.8

Action                   || total
-------------------------++-------
Melee: Unarmed           ||    14
 Cast: Sandblast         ||    36
       Passwall          ||     2
  Use: Potion            ||     4
       Scroll            ||     1
Armor: Skin              ||    12
       Robe              ||     6
Dodge: Dodged            ||    38
